 Dungeon Crawl Stone Soup version 0.30.1-11-g7821555f0a (webtiles) character file.

Game seed: 7308408861228368597

39 ChrisAssaf the Grave Robber (level 3, -1/32 HPs)
             Began as an Ogre Necromancer on Dec 19, 2023.
             Slain by an adder (2 damage)
             ... on level 3 of the Dungeon.
             The game lasted 00:03:13 (761 turns).

ChrisAssaf the Grave Robber (Ogre Necromancer)       Turns: 761, Time: 00:03:14

Health: -1/32      AC:  3    Str: 12    XL:     3   Next: 45%
Magic:  1/7        EV:  9    Int: 18    God:
Gold:   31         SH:  0    Dex:  9    Spells: 3/7 levels left

rFire   . . .        (no weapon)
rCold   . . .        (no shield)
rNeg    . . .        a - +0 robe
rPois   .            (helmet restricted)
rElec   .            (no cloak)
rCorr   .            (gloves unavailable)
SInv    .            (boots unavailable)
Will    .....        (no amulet)
Stlth   +            (no ring)
HPRegen 0.25/turn    (no ring)
MPRegen 0.10/turn

%: no passive effects
@: no status effects
A: large, unfitting armour, tough skin 1
a: no special abilities


You were on level 3 of the Dungeon.
You visited 1 branch of the dungeon, and saw 3 of its levels.

You collected 31 gold pieces.

Inventory:

Armour
 a - a +0 robe (worn)
Scrolls
 b - 2 scrolls of magic mapping
 d - a scroll of identify


   Skills:
 * Level 0.5 Fighting
 * Level 0.4 Armour
 * Level 1.9 Dodging
 * Level 1.5 Stealth
 * Level 2.9 Spellcasting
 * Level 4.1 Necromancy


You had 3 spell levels left.
You knew the following spells:

 Your Spells              Type           Power      Damage    Failure   Level
a - Necrotise             Necr           68%        1d7       3%          1
b - Vampiric Draining     Necr           17%        2d7       9%          3

Your spell library contained the following spells:

 Spells                   Type           Power      Damage    Failure   Level
 Animate Dead             Necr           17%        N/A       28%         4
 Agony                    Necr           17%        N/A       63%         5


Dungeon Overview and Level Annotations

Branches:
Dungeon (3/15)

Altars:


Innate Abilities, Weirdness & Mutations

You are too large for most types of armour.
You have tough skin. (AC +1)


Message History

The adder attacks as you move away! The adder bites you.
You aren't carrying any potions.
Unknown command.
Okay, then.
The adder attacks as you move away! The adder bites you.
You are poisoned.
The adder poisons you!
You feel sick.
You feel sick. The adder bites you. The adder barely misses you.
The adder attacks as you move away! The adder bites you.
You feel sick.
You feel sick.
You feel sick.
You are no longer poisoned.
The adder closely misses you. The adder attacks as you move away!
The adder closely misses you.
An endoplasm comes into view.
A goblin comes into view. It is wielding a +0 club.
The goblin shouts!
The endoplasm quivers.
An adder comes into view.
The goblin unwields a +0 club.
The goblin wields a +0 sling.
The goblin shoots a sling bullet.
The sling bullet hits you.
* * * LOW HITPOINT WARNING * * *
Aiming: Necrotise (safe; 3% risk of failure)
Press: ? - help, Q - select action Shift-Dir - straight line, f/p - dart slug
Aim: a dart slug (severely wounded, chance to affect: 87%)
The adder barely resists.
The adder hisses angrily.
The adder completely misses you. The adder bites you.
* * * LOW HITPOINT WARNING * * *
An endoplasm comes into view.
You aren't carrying any potions.
Unknown command.
Okay, then.
The adder attacks as you move away! The adder bites you.
* * * LOW HITPOINT WARNING * * *
Found a helmet.
The adder attacks as you move away! The adder bites you but does no damage.
The adder barely misses you. The adder attacks as you move away!
The adder bites you.
You die...

#...Z# .J #..##
####.# ...#...#
###...# ..#...#
##.....#
.....###...Z..#
#S...##.w###r#
#....#...###.#
...####J...#w..##..#
.[.....@SgJ.r......#
####################


You could see 2 adders, a dart slug, 2 endoplasms, a goblin and a rat.

Vanquished Creatures
  2 adders (D:2)
  2 bats
  An endoplasm (D:2)
  2 goblins (D:2)
  3 kobolds
  2 quokkas
  A frilled lizard (D:2)
  3 rats
16 creatures vanquished.

Vanquished Creatures (collateral kills)
  2 ball pythons
  A goblin (D:3)
  A kobold (D:1)
4 creatures vanquished.

Grand Total: 20 creatures vanquished

Notes
Turn   | Place    | Note
-------+----------+-------------------------------------------
     0 | D:1      | ChrisAssaf the Ogre Necromancer began the quest for the
                  | Orb.
     0 | D:1      | Reached XP level 1. HP: 16/16 MP: 3/3
   328 | D:1      | Reached XP level 2. HP: 24/24 MP: 1/5
   563 | D:2      | Reached skill level 4 in Necromancy
   582 | D:2      | Reached XP level 3. HP: 30/32 MP: 2/7
   586 | D:2      | Learned a level 3 spell: Vampiric Draining
   759 | D:3      | HP: 1/32 [adder (2)]
   761 | D:3      | Slain by an adder

Illustrated notes

Levels and vault maps discovered:
D:1:      dpeg_arrival_simpleton_c, layout_basic, minmay_misc_feat_cross,
          chequers_mini_garden
D:2:      wander_river, layout_rooms, uniq_sigmund
D:3:      minmay_recursive_quarters, layout_basic, uniq_terence

Skill      XL: |  1  2 |
---------------+-------+-----
Necromancy     | 4 |  4.1
Fighting       | |  0.5
Armour         | |  0.4
Dodging        | |  1.9
Stealth        | |  1.5
Spellcasting   | |  2.9

Action                     || total
---------------------------++-------
   Cast: Necrotise         ||    37
         Vampiric Draining ||     1
    Use: Scroll            ||     2
         Potion            ||     1
 Armour: Robe              ||    19
  Dodge: Dodged            ||    26
